 Dungeon Crawl Stone Soup version 0.28.0-53-g5a82cb258f (webtiles) character file.

Game seed: 11816696543309920099

16 Sin92 the Skirmisher (level 2, -2/24 HPs)
             Began as a Demonspawn Fighter on Aug 5, 2022.
             Frozen to death by an endoplasm (3 damage)
             ... on level 1 of the Dungeon.
             The game lasted 00:00:14 (184 turns).

Sin92 the Skirmisher (Demonspawn Fighter)            Turns: 184, Time: 00:00:15

Health: -2/24      AC:  6    Str: 16    XL:     2   Next: 37%
Magic:  2/2        EV:  9    Int:  9    God:
Gold:   0          SH:  4    Dex: 12    Spells: 1/1 levels left

rFire   . . .      SeeInvis .   a - +0 long sword
rCold   . . .      Faith    .   c - +0 buckler
rNeg    . . .      Spirit   .   b - +0 scale mail
rPois   .          Reflect  .   (no helmet)
rElec   .          Harm     .   (no cloak)
rCorr   .          Rampage  .   (no gloves)
Will    .....                   (no boots)
Stlth   ..........              (no amulet)
HPRegen 0.08/turn               (no ring)
MPRegen 0.16/turn               (no ring)

@: no status effects
A: magic regeneration
a: no special abilities


You were on level 1 of the Dungeon.
You visited 1 branch of the dungeon, and saw 1 of its levels.

Inventory:

Hand Weapons
 a - a +0 long sword (weapon)
Armour
 b - a +0 scale mail (worn)
 c - a +0 buckler (worn)
Potions
 d - a potion of might


   Skills:
 + Level 3.1 Fighting
 + Level 2.0 Long Blades
 + Level 2.8 Armour
 + Level 0.5 Dodging
 + Level 2.8 Shields


You had one spell level left.
You didn't know any spells.
Your spell library was empty.

Dungeon Overview and Level Annotations

Branches:
Dungeon (1/15)

Altars:


Innate Abilities, Weirdness & Mutations

You regenerate magic rapidly.


Message History

You have reached level 2!
Your demonic ancestry asserts itself...
Your magic begins to regenerate rapidly.
You barely miss the goblin. The goblin barely misses you.
You closely miss the goblin. The goblin hits you but does no damage.
You slash the goblin!
You kill the goblin!
Your Long Blades skill increases to level 2!
You hit the hobgoblin.
You kill the hobgoblin!
You barely miss the kobold. The kobold hits you with a +0 club.
You barely miss the kobold. The kobold hits you but does no damage.
You block the kobold's attack.
You hit the kobold.
You kill the kobold!
You closely miss the goblin. The goblin closely misses you.
An endoplasm comes into view.
The goblin hits you but does no damage.
You barely miss the goblin.
The endoplasm quivers.
The goblin closely misses you.
You completely miss the goblin. You block the goblin's attack.
You hit the goblin.
You kill the goblin!
An endoplasm comes into view.
Items here: ( ))) ? †††.
The endoplasm freezes you.
You are frozen.
* * * LOW HITPOINT WARNING * * *
You slash the endoplasm!
You kill the endoplasm!
The endoplasm freezes you.
You are frozen.
* * * LOW HITPOINT WARNING * * *
You barely miss the endoplasm. You block the endoplasm's attack.
The endoplasm hits you but does no damage.
You completely miss the endoplasm. The endoplasm freezes you.
You are frozen.
You die...

...... ##.........#
.>..... ..........##
#..... #..........#
#.... #..........#
#...##+# #..........#
#...... #.........##
#....########..........#
#.........)....J@.......
#....##.####......####..
.....##.## #.####.#
#..####..###.## .#
....P.♣..♣....## .#
##P......♣.....# .#
....PP....PP♣..# .#
....P..P.....P.# .#
...♣.P.^.P..PP.#


You could see an endoplasm.

Vanquished Creatures
  2 bats (D:1)
  2 endoplasms (D:1)
  2 goblins (D:1)
  3 hobgoblins (D:1)
  A kobold (D:1)
  A quokka (D:1)
  A rat (D:1)
12 creatures vanquished.

Notes
Turn   | Place    | Note
-------+----------+-------------------------------------------
     0 | D:1      | Sin92 the Demonspawn Fighter began the quest for the Orb.
     0 | D:1      | Reached XP level 1. HP: 18/18 MP: 1/1
   164 | D:1      | Gained mutation: You regenerate magic rapidly. [demonic
                  | ancestry]
   164 | D:1      | Reached XP level 2. HP: 9/24 MP: 2/2
   180 | D:1      | HP: 1/24 [frozen (4)]
   184 | D:1      | Frozen to death by an endoplasm

Illustrated notes

Levels and vault maps discovered:
D:1:      wander_arrival_fairy_ring, layout_basic,
          ebering_ecumenical_altar_sacrificial, serial_shops, shop,
          interstate_on_off

Skill      XL: |  1  2 |
---------------+-------+-----
Long Blades    | 2 |  2.0
Fighting       | |  3.1
Armour         | |  2.8
Dodging        | |  0.5
Shields        | |  2.8

Action                   || total
-------------------------++-------
Melee: Long sword        ||    33
Armor: Scale mail        ||    16
Dodge: Dodged            ||    21
Block: Buckler           ||     8
